 Dungeon Crawl Stone Soup version 0.31-a0-187-gba352fbbf7 (webtiles) character file.

Game seed: 15224379041994912176

85 qw the Shooter (level 4, 0/25 HPs)
             Began as a Deep Elf Hunter on June 22, 2023.
             Slain by Ijyb
             ... wielding a +0 dagger
              (2 damage)
             ... on level 2 of the Dungeon.
             The game lasted 00:00:35 (1327 turns).

qw the Shooter (Deep Elf Hunter)                    Turns: 1327, Time: 00:00:35

Health: 0/25       AC:  6    Str: 10    XL:     4   Next: 25%
Magic:  6/6        EV: 11    Int: 14    God:
Gold:   78         SH:  0    Dex: 18    Spells: 3/3 levels left

rFire   . . .        Y - +1 shortbow
rCold   . . .        (shield currently unavailable)
rNeg    . . .        g - +0 ring mail
rPois   .            (no helmet)
rElec   .            (no cloak)
rCorr   .            (no gloves)
SInv    .            i - +0 pair of boots
Will    .....        (no amulet) Stlth
                     (no ring)
HPRegen 0.24/turn    (no ring)
MPRegen 0.10/turn

%: no passive effects
@: confused
A: no striking features
a: no special abilities


You were on level 2 of the Dungeon.
You visited 1 branch of the dungeon, and saw 2 of its levels.

You collected 78 gold pieces.


   Skills:
 - Level 1.5 Fighting
 + Level 7.7 Ranged Weapons
 - Level 2.4 Dodging
 - Level 1.2 Stealth


You had 3 spell levels left.
You didn't know any spells.
Your spell library was empty.

Inventory:

Hand Weapons
 Y - a +1 shortbow (weapon)
Armour
 g - a +0 ring mail (worn)
 i - a +0 pair of boots (worn)
Jewellery
 j - a ring of magical power
Scrolls
 a - a scroll of vulnerability {unknown}
 c - a scroll of teleportation {unknown}
Potions
 b - 4 potions of berserk rage {unknown}
 d - a potion of resistance {unknown}
 e - a potion of brilliance {unknown}
 f - a potion of degeneration {unknown}
 h - a potion of mutation {unknown}
 k - a potion of attraction {unknown}

Dungeon Overview and Level Annotations

Branches:
Dungeon (2/15)

Altars:

Annotations:
D:2 Ijyb


Message History

The goblin closely misses you. The goblin hits you but does no damage.
Ijyb hits you but does no damage.
The goblin barely misses you. x2; Ijyb zaps a wand.
You resist with some effort. The goblin closely misses you.
The goblin hits you with a +0 dagger. Ijyb barely misses you.
You feel less confused. The goblin hits you but does no damage.
The goblin hits you with a +0 dagger. Ijyb hits you but does no damage.
You shoot an arrow. The arrow hits Ijyb but does no damage.
The goblin hits you but does no damage. x2; Ijyb zaps a wand.
Your will is overpowered!
You are confused.
The goblin closely misses you. The goblin hits you but does no damage.
Ijyb hits you but does no damage. The goblin hits you but does no damage.
The goblin misses you. Ijyb hits you but does no damage.
The goblin closely misses you. The goblin hits you but does no damage.
Ijyb barely misses you. The goblin hits you with a +0 dagger.
The goblin misses you. Ijyb hits you but does no damage.
The goblin barely misses you. The goblin completely misses you.
Ijyb zaps a wand.
You resist with some effort.
You feel less confused.
The goblin hits you but does no damage. x2; Ijyb hits you with a +0 dagger.
You shoot an arrow. The arrow hits Ijyb.
Ijyb is lightly wounded.
The goblin hits you but does no damage. The goblin hits you with a +0 dagger.
Ijyb hits you with a +0 dagger.
You shoot an arrow. The arrow misses Ijyb.
The goblin hits you but does no damage. x2; Ijyb zaps a wand.
Your will is overpowered!
You are confused.
The goblin barely misses you. The goblin hits you but does no damage.
Ijyb hits you with a +0 dagger.
The goblin hits you but does no damage. x2; Ijyb misses you.
The goblin barely misses you. The goblin completely misses you.
Ijyb closely misses you. The goblin hits you but does no damage.
The goblin closely misses you. Ijyb hits you with a +0 dagger.
The goblin misses you. The goblin closely misses you.
Ijyb hits you with a +0 dagger.
You die...

.# #.#..# #.# #.#
###..###.## .# #.##.#
#.# #.# #..# #.# .#
#.##.# #.# #.# #..# #.#
.###.##.## #.###.# #.[#
#.# ..%..#...###
#..##.# ...# #.#
.#......>..# ##.#..#
##..# #.# .#.###...#.#
#.#.## #.## #.#
........##.# #.# # #.#
#.## .#.###..##.#
###@#.######.####...
##.# #.)##.#
#.ggg........##...##
##.# #.#####
###).....###%##...).
##.# #.#
.8).....###.#.....%
##.###.#
..).............#%.
.......#
................#.#.
.......#
..........##%...#.#.#
###>##.#
gg.........#....#.#.#.
##.##.#
g...............#.#.#.#


You could see Ijyb and 2 goblins.

Vanquished Creatures
  3 adders (D:2)
  3 worms (D:2)
  2 dart slugs (D:1)
  4 ball pythons
  2 giant cockroaches (D:1)
  9 goblins
  4 hobgoblins
  4 jackals
  A quokka (D:2)
  2 bats (D:1)
  3 frilled lizards (D:1)
  4 kobolds
  3 rats (D:1)
44 creatures vanquished.

Notes
Turn   | Place    | Note
-------+----------+-------------------------------------------
     0 | D:1      | qw the Deep Elf Hunter began the quest for the Orb.
     0 | D:1      | Reached XP level 1. HP: 12/12 MP: 3/3
     0 | D:1      | 0 ||| qw: Version: 0.3-a-9-g12657ce
     0 | D:1      | 0 ||| qw: Game counter: 2484
     0 | D:1      | 0 ||| qw: Always use a shield: true
     0 | D:1      | 0 ||| qw: God list: Okawaru
     0 | D:1      | 0 ||| qw: Allow faded altars: false
     0 | D:1      | 0 ||| qw: Do Orc after D:15 true
     0 | D:1      | 0 ||| qw: Do second Lair branch before Depths: true
     0 | D:1      | 0 ||| qw: Lair rune preference: random
     0 | D:1      | 0 ||| qw: Plans: Normal
     0 | D:1      | 0 ||| PLANNING D:1-11
    79 | D:1      | Reached skill level 6 in Ranged Weapons
    79 | D:1      | Reached XP level 2. HP: 16/16 MP: 4/4
   665 | D:1      | 665 ||| UPGRADING to +0 scale mail.
   675 | D:1      | 675 ||| DROPPING +0 leather armour.
   676 | D:1      | 676 ||| UPGRADING to +0 ring mail.
   686 | D:1      | 686 ||| DROPPING +0 scale mail.
   687 | D:1      | 687 ||| UPGRADING to +0 pair of boots.
   692 | D:1      | 692 ||| READING scroll labelled ERIOL HUTEUDGHA.
   693 | D:1      | 693 ||| READING scroll labelled IJIAREFIAR.
   794 | D:1      | 794 ||| READING scroll labelled DUSKANEKIR.
   795 | D:1      | 795 ||| DROPPING scroll of butterflies.
   886 | D:2      | Reached XP level 3. HP: 20/20 MP: 5/5
  1016 | D:2      | Reached skill level 7 in Ranged Weapons
  1156 | D:2      | Reached XP level 4. HP: 25/25 MP: 6/6
  1292 | D:2      | Noticed Ijyb
  1293 | D:2      | 1293 ||| Stepping ~*~*~tactically~*~*~ (outnumbered).
  1297 | D:2      | 1297 ||| Stepping ~*~*~tactically~*~*~ (outnumbered).
  1299 | D:2      | 1299 ||| FLEEEEING.
  1321 | D:2      | HP: 6/25 [goblin/+0 dagger (3)]
  1326 | D:2      | HP: 2/25 [Ijyb/+0 dagger (2)]
  1327 | D:2      | Slain by Ijyb

Levels and vault maps discovered:
D:1:      dpeg_arrival_shrine, layout_basic, minmay_pentomino_q4
D:2:      kennysheep_the_goblin_king, layout_loops_ring, grunt_ministairs_10,
          nicolae_the_louvre

Skill      XL: |  1  2  3 |
---------------+----------+-----
Ranged Weapons | 6 7 |  7.7
Fighting       | |  1.5
Dodging        | |  2.4
Stealth        | |  1.2

Action                     |  1- 3 |  4- 6 || total
---------------------------+-------+-------++-------
   Fire: Shortbow          |   103 |    25 ||   128
    Use: Scroll            |     3 |       ||     3
 Armour: Leather armour    |     7 |       ||     7
         Ring mail         |     2 |    30 ||    32
  Dodge: Dodged            |    17 |    37 ||    54

Table legend:
 A = Non-vault XP
 B = Vault XP
 C = Vault XP percentage of total XP
 D = Non-vault monster count
 E = Vault monster count
 F = Vault count percentage of total count
                 A         B        C        D         E       F
            +---------+---------+-------+---------+---------+-------
      Total |     112 |      10 |   8.2 |      37 |       7 |  15.9
            +---------+---------+-------+---------+---------+-------
        D:1 |      35 |       4 |  10.3 |      19 |       3 |  13.6
        D:2 |      77 |       6 |   7.2 |      18 |       4 |  18.2
            +---------+---------+-------+---------+---------+-------
